Map: Oxide LE

Players

Kelazhur

  • Race: Terran Terran

Erik - Winner!

  • Race: Zerg Zerg
  • League: Master

Event: DreamHack SC2 Masters 2021 Summer

VOD

Have the link to the VOD?

Description

Time

  • Played on: May 21, 2021, 4:43 p.m.
  • Length: 11:31

All games in this series

Show
View Real Time Build Order
Export as new Build Order

Kelazhur Terran 

Build Orders: Reaper Expand, Hellion Banshee 

Get SALT Encoding   

  12  0:00  SCV  
  13  0:12  SCV  
  14  0:17  Supply Depot  
  14  0:24  SCV  
  15  0:38  SCV  
  15  0:39  Barracks  
  16  0:43  Refinery  
  16  0:50  SCV  
  17  1:02  SCV  
  18  1:15  SCV  
  19  1:26  Reaper  
  19  1:27  Orbital Command  
  20  1:38  Command Center  
  20  1:48  Supply Depot  
  20  1:52  SCV  
  21  1:57  Marine  
  22  2:03  Factory  
  22  2:05  SCV  
  23  2:17  SCV  
  23  2:20  Barracks Reactor  
  24  2:29  SCV  
  25  2:41  Command Center, SCV  
  26  2:51  Orbital Command  
  26  2:53  SCV  
  27  3:03  Hellion x2  
  31  3:07  Starport  
  31  3:09  SCV  
  32  3:19  SCV  
  33  3:21  SCV  
  34  3:27  Hellion  
  34  3:28  Barracks Tech Lab, Hellion  
  34  3:31  SCV  
  34  3:33  SCV  
  39  3:36  Supply Depot  
  39  3:43  SCV  
  39  3:45  SCV  
  41  3:51  Banshee  
  41  3:55  Orbital Command, SCV  
  45  3:57  Hellion x2, SCV  
  45  4:01  Barracks Tech Lab  
  50  4:07  SCV  
  50  4:08  Refinery  
  50  4:09  SCV  
  52  4:14  Barracks  
  52  4:17  Barracks  
  52  4:19  SCV  
  52  4:21  SCV  
  52  4:22  Marine  
  55  4:26  SCV  
  55  4:27  Refinery x2  
  56  4:31  SCV  
  56  4:33  SCV  
  56  4:35  Stimpack  
  58  4:39  SCV  
  58  4:43  SCV  
  58  4:47  SCV  
  58  4:48  Starport Reactor  
  59  4:54  Engineering Bay x2, SCV  
  59  4:57  Marine, SCV  
  62  5:04  SCV  
  62  5:06  SCV  
  64  5:09  Marine, Supply Depot  
  64  5:10  SCV  
  64  5:11  Supply Depot  
  66  5:15  Marine  
  66  5:16  SCV  
  66  5:18  SCV  
  66  5:20  Engineering Bay x2  
  69  5:24  Terran Infantry Weapons Level 1  
  69  5:25  Terran Infantry Armor Level 1  
  69  5:26  Supply Depot  
  69  5:28  Orbital Command  
  69  5:31  Siege Tank, SCV x2  
  69  5:33  Barracks  
  69  5:35  Supply Depot x2  
  72  5:36  Barracks  
  72  5:37  Starport Reactor, Marine x3  
  72  5:38  Marine  
  72  5:40  Marine  
  77  5:43  SCV  
  77  5:44  SCV  
  79  5:53  Armory  
  79  5:55  SCV x2  
  79  5:56  SCV  
  82  5:58  Marine  
  82  5:59  Marine x3  
  82  6:03  Supply Depot  
  82  6:04  Siege Tank, Supply Depot  
  89  6:07  SCV  
  89  6:08  SCV x2  
  89  6:10  Marine  
  87  6:14  Medivac x2  
  87  6:16  Marine  
  87  6:17  Supply Depot  
  92  6:19  SCV  
  92  6:21  SCV  
  92  6:22  Marine x3  
  92  6:23  Barracks Reactor  
  92  6:24  Combat Shield  
  97  6:26  Barracks Reactor  
  97  6:28  SCV  
  97  6:31  Marine, SCV  
  98  6:36  Siege Tank  
  98  6:38  Refinery  
  98  6:39  Marine  
  102  6:40  Marine x2, Supply Depot  
  102  6:46  Marine  
  105  6:49  Marine  
  106  6:57  Marine  
  106  6:58  Medivac x2, Marine x2  
  106  6:59  Barracks x2  
  106  7:00  Barracks, Marine x2  
  115  7:03  Supply Depot, SCV x2  
  115  7:04  Marine  
  115  7:07  Marine  
  115  7:08  Marine  
  119  7:10  Siege Tank, Marine  
  124  7:16  Supply Depot  
  124  7:21  Marine x4  
  124  7:22  Terran Infantry Weapons Level 2, Marine  
  127  7:27  Supply Depot  
  127  7:35  Marine x4  
  127  7:36  Medivac x2  
  135  7:39  Marine  
  135  7:40  Command Center  
  135  7:41  Supply Depot  
  136  7:45  Marine x5  
  141  7:53  Marine  
  141  7:55  Marine x5  
  141  7:56  Marine  
  148  8:01  Supply Depot  
  148  8:03  Marine x3  
  151  8:09  Missile Turret  
  151  8:15  Marine  
  147  8:20  Medivac x2  
  147  8:26  Siege Tank, Terran Infantry Armor Level 2, Marine  
  154  8:27  Marine x3  
  154  8:28  Marine x6  
  154  8:34  Marine  
  160  8:36  Marine  
  131  8:44  Marine  
  131  8:45  Marine x8  
  133  8:58  Siege Tank  
  133  9:02  Marine  
  130  9:04  Medivac x2  
  130  9:06  Marine x6  
  130  9:07  Marine x5  
  135  9:20  Marine  
  135  9:21  SCV x2  
  127  9:24  Marine x9  
  127  9:25  Marauder  
  127  9:29  Marine  
  127  9:30  Siege Tank  
  120  9:38  Marine  
  108  9:42  Marine x8  
  108  9:52  Marauder, Marine  
  97  9:54  Marine  
  97  9:57  Marine  
  97  9:58  Orbital Command  
  97  9:59  Marine  
  92  10:02  Siege Tank  
  95  10:13  SCV x2  
  97  10:22  Missile Turret  
  97  10:25  SCV x3  
  97  10:28  Marine x2  
  100  10:34  Marauder  
  104  10:35  Marine  
  104  10:37  SCV x3  
  104  10:41  Siege Tank  
  109  10:44  Marine  
  109  10:46  Marine  
  109  10:47  Marine  
  109  10:49  SCV x3  
  109  10:50  Marine  
  109  10:56  Marine  
  108  10:59  Marine  
  108  11:00  Marine  
  108  11:01  SCV  
  108  11:10  Marine x3  
Show
View Real Time Build Order
Export as new Build Order

Erik Zerg - Winner!

Build Orders: Hatch First 

Get SALT Encoding   

  12  0:00  Drone  
  13  0:12  Overlord  
  13  0:17  Drone  
  14  0:30  Drone x2  
  16  0:47  Hatchery  
  15  0:51  Drone  
  15  0:54  Drone  
  17  0:57  Drone  
  18  1:07  Extractor  
  17  1:12  Spawning Pool  
  17  1:15  Drone  
  17  1:18  Drone  
  18  1:27  Drone  
  19  1:38  Drone  
  20  1:49  Drone  
  21  1:59  Queen x2  
  21  2:00  Zergling x2  
  21  2:01  Zergling x2  
  27  2:13  Hatchery  
  26  2:16  Overlord  
  26  2:20  Drone  
  26  2:22  Drone  
  27  2:39  Drone x3  
  27  2:42  Queen  
  31  2:54  Overlord  
  31  2:58  Drone x3  
  34  3:02  Roach Warren  
  34  3:05  Drone  
  34  3:06  Drone  
  34  3:11  Drone  
  36  3:13  Drone  
  36  3:15  Drone x2  
  36  3:18  Drone  
  39  3:25  Drone x2  
  40  3:33  Extractor  
  39  3:34  Queen  
  39  3:36  Overlord  
  41  3:41  Queen  
  41  3:44  Roach x2  
  41  3:45  Roach  
  41  3:48  Drone  
  49  3:54  Overlord  
  49  3:59  Drone x5  
  54  4:04  Drone x3  
  57  4:11  Overlord  
  57  4:12  Overlord  
  57  4:14  Drone  
  58  4:22  Extractor, Drone x2  
  59  4:30  Roach x2  
  59  4:31  Roach  
  65  4:33  Drone x2  
  67  4:39  Drone x2  
  67  4:44  Drone  
  70  4:45  Spore Crawler  
  70  4:46  Extractor, Lair  
  70  4:49  Drone x2  
  70  4:51  Evolution Chamber  
  69  4:53  Evolution Chamber  
  69  4:55  Drone x5  
  73  5:02  Overlord  
  73  5:06  Extractor  
  73  5:07  Overlord  
  72  5:10  Drone  
  72  5:14  Spore Crawler  
  72  5:18  Drone  
  72  5:19  Overlord  
  73  5:21  Drone x4  
  73  5:24  Drone x3  
  73  5:26  Zerg Missile Weapons Level 1  
  80  5:28  Zerg Ground Armor Level 1  
  80  5:31  Drone  
  81  5:36  Drone x4  
  85  5:49  Glial Reconstitution  
  85  5:54  Drone x2  
  85  5:56  Hatchery, Drone, Metabolic Boost  
  87  6:00  Overlord  
  87  6:02  Drone x6  
  88  6:12  Extractor  
  88  6:13  Drone x4  
  88  6:16  Evolution Chamber  
  91  6:29  Overlord x3  
  91  6:30  Roach  
  91  6:31  Roach x6  
  105  6:39  Extractor x2, Overlord  
  103  6:43  Overlord x3  
  103  6:49  Roach x5  
  113  6:57  Drone  
  113  6:58  Drone x2  
  113  7:00  Drone  
  113  7:01  Drone  
  118  7:02  Zergling x2  
  118  7:03  Zergling x4  
  121  7:14  Zergling x4  
  121  7:15  Zergling x4  
  125  7:25  Roach x9, Tunneling Claws  
  125  7:26  Infestation Pit  
  125  7:27  Burrow  
  125  7:29  Zerg Missile Weapons Level 2  
  142  7:31  Zerg Ground Armor Level 2  
  142  7:36  Overlord x2  
  142  7:45  Overlord  
  142  7:47  Overlord  
  142  7:48  Ravager x7  
  149  7:57  Roach  
  149  7:58  Roach x7  
  165  8:05  Pathogen Glands  
  165  8:08  Roach x4  
  165  8:11  Ravager x6  
  179  8:25  Roach x8  
  185  8:38  Roach x6  
  185  8:39  Roach x3  
  161  8:41  Roach  
  161  8:42  Roach x8  
  173  8:50  Roach x5  
  177  9:00  Roach  
  177  9:01  Roach x5  
  183  9:03  Roach x4  
  183  9:04  Roach  
  183  9:20  Roach x4  
  183  9:21  Roach  
  185  9:26  Overlord  
  157  9:33  Roach  
  157  9:34  Roach x8  
  169  9:40  Hive  
  169  9:42  Hydralisk Den  
  154  9:47  Roach x3  
  154  9:48  Roach  
  143  9:59  Roach x4  
  133  10:05  Roach  
  133  10:06  Roach, Ravager x2  
  133  10:07  Ravager x3  
  135  10:09  Infestor  
  135  10:10  Infestor x3  
  135  10:12  Roach x3  
  150  10:18  Lurker Den, Drone x2  
  151  10:21  Drone x2  
  151  10:25  Roach x4, Spore Crawler  
  152  10:30  Roach x4  
  147  10:48  Roach x10  
  163  11:09  Zergling x40  
Tags
 
Add a new tag
Caveats
  • Supply blocks, unpowered buildings, or Contaminate may cause inaccurate times.
  • Supply counts are checked every 10 seconds.